 Dungeon Crawl Stone Soup version 0.15.0-27-gbdb0435 (webtiles) character file.

333 DrPain the Covert (level 6, -1/30 HPs)
             Began as a Spriggan Assassin on Sept 10, 2014.
             Slain by a phantom (6 damage)
             ... on Level 4 of the Dungeon.
             The game lasted 00:17:20 (2808 turns).

DrPain the Covert (Spriggan Assassin)               Turns: 2808, Time: 00:17:20

HP  -1/30        AC  5     Str  7      XL: 6   Next: 27%
MP  12/12        EV 17     Int 12      God:
Gold 145         SH  0     Dex 20      Spells:  0 memorised,  5 levels left

rFire  . . .     SeeInvis +     w - +2 dagger
rCold  . . .     Clarity  .     c - +0 robe
rNeg   . . .     rCorr    .     (shield restricted)
rPois  .         rRot     .     (helmet restricted)
rElec  .         Spirit   .     j - +2 cloak
SustAb .         Warding  .     (gloves unavailable)
rMut   .         Stasis   .     (boots unavailable)
Gourm  .                        (no amulet)
MR     +....                    (no ring)
                                (no ring)

@: very quick, somewhat resistant to hostile enchantments, quite stealthy
A: unfitting armour, see invisible, herbivore 3, speed 3, slow metabolism 2
a: no special abilities


You were on level 4 of the Dungeon.
You were not hungry.

You visited 1 branch of the dungeon, and saw 4 of its levels.

You collected 145 gold pieces.

Inventory:

Hand weapons
 f - a +0 blowgun
 w - a +2 dagger (weapon)
Missiles
 e - 12 poisoned needles
 m - a curare-tipped needle
Armour
 c - a +0 robe (worn)
 j - a +2 cloak (worn)
Magical devices
 k - a wand of enslavement (17) {unknown}
Comestibles
 l - a royal jelly
 t - a bread ration
Scrolls
 b - a scroll of fear {unknown}
 d - a scroll of noise {unknown}
 h - 2 scrolls of identify {unknown}
 o - a scroll of enchant weapon {unknown}
 p - a scroll of magic mapping {unknown}
 q - a scroll of amnesia {unknown}
 s - a scroll of remove curse {unknown}
Potions
 a - a potion of might {unknown}
 g - a potion of porridge
 i - 6 potions of curing {unknown}
 n - a potion of haste {unknown}
 r - a potion of lignification {unknown}
 u - a potion of agility {unknown}
 v - a potion of restore abilities {unknown}
 x - a potion of heal wounds {unknown}


   Skills:
 - Level 1.5 Fighting
 - Level 5.0 Short Blades
 + Level 3.2 Throwing
 - Level 1.5 Dodging
 + Level 9.0 Stealth


You had 5 spell levels left.
You didn't know any spells.

Dungeon Overview and Level Annotations

Branches:
Dungeon (4/15)
 Temple: D:4-7

Altars:
Trog

Shops:
D:4 *


Innate Abilities, Weirdness & Mutations

You are tiny and cannot use many weapons and most armour.
You have supernaturally acute eyesight.
You are a herbivore.
You cover ground extremely quickly.
You need consume almost no food.


Message History

The phantom is heavily damaged.
The bat completely misses you. The phantom closely misses you.
You hit the phantom but do no damage.
The phantom is heavily damaged.
The bat misses you.
You hit the phantom but do no damage.
The phantom is heavily damaged.
The bat hits you. The phantom hits you!
* * * LOW HITPOINT WARNING * * *
You are too injured to fight recklessly!
You are too injured to fight recklessly!
You are too injured to fight recklessly!
You closely miss the phantom.
The phantom is heavily damaged.
The bat hits you but does no damage. The phantom hits you.
* * * LOW HITPOINT WARNING * * *
You hit the phantom.
The phantom is severely damaged.
The bat closely misses you. The phantom hits you.
You die...

########
###b.....##
...#####...####..#
.(......@......#
.......W.#....##
...###..###.####
...#...###..#
#....#.##..## #.##
#....## # ##.#
#..### ##
#..####.##
.######..##...#####


You could see a phantom and a bat.

Vanquished Creatures
  Sigmund (D:4)
  2 eyes of draining (D:3)
  Terence (D:2)
  7 adders
  4 gnolls
  4 worms
  A giant gecko (D:1)
  An ooze (D:3)
  An orc (D:3)
  A ball python (D:3)
  2 bats
  3 giant cockroaches
  2 hobgoblins (D:2)
  4 kobolds
  A quokka (D:4)
  A giant newt (D:1)
  6 goblins
  4 rats
46 creatures vanquished.

Notes
Turn   | Place    | Note
--------------------------------------------------------------
     0 | D:1      | DrPain, the Spriggan Assassin, began the quest for the Orb.
     0 | D:1      | Reached XP level 1. HP: 10/10 MP: 2/2
   677 | D:1      | Reached XP level 2. HP: 14/14 MP: 4/4
  1129 | D:2      | Noticed Terence
  1146 | D:2      | Killed Terence
  1146 | D:2      | Reached XP level 3. HP: 14/18 MP: 6/6
  1458 | D:2      | Reached XP level 4. HP: 19/22 MP: 8/8
  1614 | D:2      | Reached skill level 5 in Short Blades
  1725 | D:2      | Reached skill level 6 in Stealth
  2049 | D:3      | Reached skill level 7 in Stealth
  2165 | D:3      | Reached XP level 5. HP: 25/25 MP: 10/10
  2406 | D:3      | Found a bloodstained altar of Trog.
  2474 | D:3      | Reached skill level 8 in Stealth
  2719 | D:4      | Noticed Sigmund
  2724 | D:4      | Found Smigefarr's Elemental Accessories.
  2740 | D:4      | Killed Sigmund
  2740 | D:4      | Reached skill level 9 in Stealth
  2740 | D:4      | Reached XP level 6. HP: 25/30 MP: 12/12
  2780 | D:4      | Noticed a phantom
  2808 | D:4      | Slain by a phantom

Action                   |  1- 3 |  4- 6 || total
-------------------------+-------+-------++-------
Melee: Dagger            |    70 |   127 ||   197
 Fire: Blowgun           |     5 |    21 ||    26
 Stab: Sleeping          |     6 |    10 ||    16
       Distracted        |     1 |     1 ||     2
